 Dungeon Crawl Stone Soup version 0.17.1-1-g73c8601 (webtiles) character file.

4557 abixa the Cleaver (level 10, -3/91 HPs)
             Began as a Hill Orc Gladiator on Dec 28, 2015.
             Was an Elder of Okawaru.
             Slain by Erica
             ... wielding a +1 scimitar of flaming
              (12 damage)
             ... on level 8 of the Dungeon.
             The game lasted 00:29:28 (10571 turns).

abixa the Cleaver (Hill Orc Gladiator)             Turns: 10571, Time: 00:29:28

Health: -3/91      AC: 15    Str: 17    XL:     10   Next: 40%
Magic:  11/11      EV:  8    Int:  8    God:    Okawaru [****..]
Gold:   325        SH:  0    Dex: 14    Spells: 0 memorised, 9 levels left

rFire  + + .     SeeInvis .     S - +3 war axe (curse)
rCold  . . .     Clarity  .     E - +2 chain mail {rF+}
rNeg   . . .     SustAt   .     (no shield)
rPois  .         Gourm    .     c - +0 helmet
rElec  .         Spirit   .     (no cloak)
rCorr  .         Warding  .     (no gloves)
rMut   .         Stasis   .     s - +0 pair of boots
MR     .....                    (no amulet)
Stlth  ..........               x - -2 ring of strength (curse)
                                Y - ring of protection from fire

@: lethally poisoned (-3 -> -8), slowed, very slow, not resistant to hostile
enchantments, extremely unstealthy
A: no striking features
a: Heroism, Renounce Religion


You were on level 8 of the Dungeon.
You worshipped Okawaru.
Okawaru was greatly pleased with you.
You were not hungry.

You visited 2 branches of the dungeon, and saw 9 of its levels.
You also visited: Sewer and Ossuary.

You collected 507 gold pieces.
You spent 182 gold pieces at shops.

Inventory:

Hand Weapons
 z - a +0 blowgun
 L - a +2 hand axe of flaming
 S - a cursed +3 war axe (weapon)
Missiles
 d - 3 throwing nets
 p - 102 bolts
 w - 7 javelins (quivered)
 y - 12 poisoned needles
 B - 5 silver javelins
 C - 19 steel bolts
Armour
 c - a +0 helmet (worn)
 s - a +0 pair of boots (worn)
 E - a +2 chain mail of fire resistance (worn)
Magical Staves
 F - an uncursed staff of energy {unknown}
Jewellery
 x - a cursed -2 ring of strength (right hand)
 I - an uncursed ring of stealth
 W - an uncursed ring of sustain attributes
 Y - a ring of protection from fire (left hand)
Wands
 a - a wand of lightning (10)
 e - a wand of cold (7)
 N - a wand of paralysis (8)
 X - a wand of polymorph (15)
Scrolls
 b - 3 scrolls of enchant armour {unknown}
 i - 2 scrolls of enchant weapon {unknown}
 o - 5 scrolls of magic mapping
 r - 6 scrolls of teleportation
 t - 6 scrolls of blinking
 u - 2 scrolls of recharging {unknown}
 A - 4 scrolls of immolation
 G - 2 scrolls of remove curse {unknown}
 H - 3 scrolls of amnesia {unknown}
 K - a scroll of fog {unknown}
 M - a scroll of random uselessness {unknown}
 P - a scroll of torment {unknown}
 R - 3 scrolls of fear {unknown}
 Z - a scroll of noise {unknown}
Potions
 f - a potion of haste {unknown}
 g - 4 potions of heal wounds
 j - 3 potions of agility
 k - 4 potions of resistance
 m - 2 potions of mutation {unknown}
 n - 2 potions of curing {unknown}
 v - 3 potions of magic
 D - 4 potions of lignification
 J - 2 potions of might {unknown}
 O - a potion of poison {unknown}
 Q - 3 potions of brilliance
 T - 4 potions of flight
 U - a potion of berserk rage {unknown}
 V - a potion of beneficial mutation {unknown}
Comestibles
 h - 7 fruits
 l - 7 slices of pizza
 q - 3 chunks of flesh


   Skills:
 + Level 9.5 Fighting
 + Level 13.1 Axes
 - Level 1.7 Throwing
 + Level 8.3 Armour
 - Level 2.4 Dodging
 - Level 2.1 Invocations


You had 9 spell levels left.
You didn't know any spells.

Dungeon Overview and Level Annotations

Branches:
Dungeon (8/15)             Temple (1/1) D:4
   Lair: D:8-11

Altars:
Ashenzari
Cheibriados
Dithmenos
Elyvilon
Fedhas
Gozag
Kikubaaqudgha
Makhleb
Nemelex Xobeh
Okawaru
Qazlal
Ru
Sif Muna
Vehumet
Xom
Zin
The Shining One

Shops:
D:4 *   D:5 *

Annotations:
D:7 food
D:8 Erica


Message History

You miss something.
You feel sick. Something hits you.
Your chain mail prevents you from hitting something.
You feel sick. Something hits you but does no damage.
You miss something.
You feel sick. Something hits you but does no damage.
You hit something.
You feel sick.
You slash something!
You feel sick. Something hits you!
* * * LOW HITPOINT WARNING * * *
Something burns you.
* * * LOW HITPOINT WARNING * * *
You slash something!
You feel sick. Something hits you.
* * * LOW HITPOINT WARNING * * *
Your chain mail prevents you from hitting something.
You feel sick.
You miss something.
You feel sick. Something hits you.
* * * LOW HITPOINT WARNING * * *
You miss something.
You hear some strange, mumbled words.
You feel yourself slow down.
You miss something.
You feel sick. Something hits you!
You die...

#... ..... #... #....
#[.. ##.... #...
#.....### +... #$....+.#
#... #.....#.#
############
#.....#.#####......#####
#....{@.....'......+....
#####+#+#####..[...#####
..............#
..............#
..............#
+##...........#
#...........#####
#................
#............####


There were no monsters in sight!

Vanquished Creatures
  A hill giant (D:5)
  Pikel (D:7)
  A yak (D:7)
  A hog (D:7)
  A human (D:7)
  Menkaure (Ossuary)
  An orc warrior (D:7)
  2 phantoms
  Purgy (Sewer)
  A sky beast (D:8)
  A slave (D:7)
  A wasp (D:8)
  2 ogres
  2 centaurs (D:5)
  An elf zombie (Ossuary)
  7 giant frogs
  2 scorpions
  A troll zombie (Ossuary)
  3 wights (D:6)
  A quasit (D:8)
  4 hounds
  4 crimson imps
  2 jellies
  3 centaur zombies (Ossuary)
  A human zombie (Ossuary)
  3 orc priests
  4 worker ants
  Terence (D:3)
  Natasha (thrice) (D:2)
  6 orc wizards
  2 sheep (D:7)
  An ogre zombie (Ossuary)
  A hound skeleton (D:3)
  6 mummies (Ossuary)
  12 adders
  3 shadow imps
  2 adder skeletons
  5 adder zombies (Ossuary)
  4 worms
  10 giant geckos
  14 orcs
  14 bats
  6 giant cockroaches
  2 gnoll zombies (Ossuary)
  10 goblins
  9 hobgoblins
  17 jackals
  5 quokkas
  4 ball pythons
  2 giant gecko skeletons
  10 giant newts
  2 goblin zombies (Ossuary)
  5 hobgoblin zombies (Ossuary)
  8 kobolds
  4 kobold zombies
  An orc zombie (D:7)
  A quokka skeleton (D:4)
  3 quokka zombies (Ossuary)
  11 rats
  3 rat zombies (Ossuary)
240 creatures vanquished.

Notes
Turn   | Place    | Note
--------------------------------------------------------------
     0 | D:1      | abixa the Hill Orc Gladiator began the quest for the Orb.
     0 | D:1      | Reached XP level 1. HP: 18/18 MP: 1/1
     7 | D:1      | Noticed an anaconda
     7 | D:1      | Noticed a black bear
   118 | D:1      | Reached XP level 2. HP: 19/25 MP: 2/2
   229 | D:1      | Reached skill level 5 in Axes
   515 | D:1      | Reached XP level 3. HP: 25/30 MP: 3/3
   680 | D:2      | Noticed Natasha
   692 | D:2      | Killed Natasha
   692 | D:2      | Reached skill level 6 in Axes
   786 | D:2      | Reached XP level 4. HP: 37/37 MP: 4/4
   799 | D:2      | Noticed Natasha
   806 | D:2      | Killed Natasha
  1109 | D:2      | Reached skill level 7 in Axes
  1228 | D:2      | Reached XP level 5. HP: 36/42 MP: 5/5
  1355 | D:2      | Noticed Natasha
  1363 | D:2      | Killed Natasha
  1831 | D:3      | Reached skill level 8 in Axes
  2033 | D:3      | Found an opulent altar of Gozag.
  2034 | D:3      | Noticed Terence
  2054 | D:3      | Killed Terence
  2108 | D:3      | Reached XP level 6. HP: 50/50 MP: 6/6
  2840 | D:3      | Reached skill level 9 in Axes
  3038 | D:4      | Reached skill level 1 in Armour
  3083 | D:4      | Found Mahakaef's Assorted Antiques.
  3091 | D:4      | Bought a scroll labeled GYETHIY TUDI for 21 gold pieces
  3091 | D:4      | Bought a scroll labeled WUTUKL TEANG for 21 gold pieces
  3091 | D:4      | Bought a scroll labeled WUTUKL TEANG for 21 gold pieces
  3091 | D:4      | Bought a blackened cabochon ring for 105 gold pieces
  3108 | D:4      | Found an iron altar of Okawaru.
  3108 | D:4      | Found a shattered altar of Ashenzari.
  3112 | D:4      | Became a worshipper of Warmaster Okawaru
  3122 | D:4      | Found a staircase to the Ecumenical Temple.
  3134 | Temple   | Entered the Ecumenical Temple
  3412 | D:4      | Reached XP level 7. HP: 53/57 MP: 7/7
  4039 | D:5      | Entered Level 5 of the Dungeon
  4047 | D:5      | Noticed a hill giant
  4518 | D:5      | Reached skill level 10 in Axes
  4569 | D:5      | Found an ancient bone altar of Kikubaaqudgha.
  4605 | D:5      | Found an opulent altar of Gozag.
  4606 | D:5      | Found a sparkling altar of Nemelex Xobeh.
  4612 | D:5      | Reached * piety under Okawaru
  4660 | D:5      | Found Onotefec's General Store.
  4666 | D:5      | Bought a potion of degeneration for 14 gold pieces
  4677 | D:5      | Found a deep blue altar of Sif Muna.
  4690 | D:5      | Found a shadowy altar of Dithmenos.
  4971 | D:5      | Killed a hill giant
  4971 | D:5      | Reached ** piety under Okawaru
  4971 | D:5      | Reached skill level 5 in Fighting
  4971 | D:5      | Reached XP level 8. HP: 40/70 MP: 5/8
  5099 | D:5      | Reached skill level 11 in Axes
  5099 | D:5      | Reached skill level 5 in Armour
  5446 | D:5      | Reached skill level 1 in Invocations
  5454 | D:5      | Found a radiant altar of Vehumet.
  5899 | D:6      | Found a glowing drain.
  5909 | Sewer    | Entered a sewer
  5928 | Sewer    | Noticed Purgy
  5938 | Sewer    | Killed Purgy
  5938 | Sewer    | Reached XP level 9. HP: 76/78 MP: 10/10
  6111 | D:6      | Found a stormy altar of Qazlal.
  6190 | D:6      | Reached *** piety under Okawaru
  6461 | D:6      | Found a blossoming altar of Fedhas.
  7246 | D:7      | Found a sand-covered staircase.
  7265 | Ossuary  | Entered an ossuary
  7573 | Ossuary  | Reached skill level 12 in Axes
  7672 | Ossuary  | Noticed Menkaure
  8269 | Ossuary  | Killed Menkaure
  8420 | D:7      | Noticed Pikel
  8438 | D:7      | Killed Pikel
  8438 | D:7      | Reached XP level 10. HP: 80/90 MP: 11/11
  8689 | D:7      | Found a glowing golden altar of the Shining One.
  8978 | D:7      | Reached **** piety under Okawaru
  8987 | D:7      | Received a gift from Okawaru
  9775 | D:7      | Reached skill level 13 in Axes
 10550 | D:8      | Noticed Erica
 10571 | D:8      | Slain by Erica

Action                   |  1- 3 |  4- 6 |  7- 9 | 10-12 || total
-------------------------+-------+-------+-------+-------++-------
Melee: War axe           |    83 |   257 |   459 |   130 ||   929
Throw: Stone             |       |     3 |       |       ||     3
       Javelin           |       |       |     1 |       ||     1
Invok: Heroism           |       |       |     1 |       ||     1
  Use: Scroll            |       |       |     8 |     1 ||     9
  Eat: Chunk             |       |     8 |    10 |     7 ||    25
       Beef jerky        |       |       |     1 |       ||     1
       Meat ration       |       |       |     1 |       ||     1
